 Dungeon Crawl Stone Soup version 0.25.1-2-g60ff931df9 (webtiles) character file.

Game seed: 8628158600627900756

98 zeroc00l the Sneak (level 5, -1/32 HPs)
             Began as a Kobold Assassin on Oct 19, 2020.
             Killed from afar by an orc wizard (5 damage)
             ... with a puff of flame
             ... on level 2 of the Dungeon.
             The game lasted 00:09:33 (2557 turns).

zeroc00l the Sneak (Kobold Assassin)                Turns: 2557, Time: 00:09:33

Health: -1/32      AC:  6    Str:  8    XL:     5   Next: 1%
Magic:  5/5        EV: 15    Int: 13    God:
Gold:   120        SH:  0    Dex: 17    Spells: 4/4 levels left

rFire    . . .     SeeInvis .   a - +2 dagger
rCold    . . .     Gourm    .   (shield restricted)
rNeg     . . .     Faith    .   s - +0 leather armour
rPois    .         Spirit   .   (no helmet)
rElec    .         Reflect  .   c - +0 cloak
rCorr    .         Harm     .   j - +0 pair of gloves
MR       .....                  h - +0 pair of boots
Stlth    +++.......             (no amulet)
HPRegen  0.10/turn              (no ring)
MPRegen  0.09/turn              (no ring)

@: no status effects
A: small, carnivore
a: no special abilities


You were on level 2 of the Dungeon.
You were very full.

You visited 1 branch of the dungeon, and saw 3 of its levels.

You collected 120 gold pieces.

Inventory:

Hand Weapons
 a - a +2 dagger (weapon)
Missiles
 e - 3 curare-tipped darts (quivered)
Armour
 c - a +0 cloak (worn)
 h - a +0 pair of boots (worn)
 j - a +0 pair of gloves (worn)
 s - a +0 leather armour (worn)
Scrolls
 b - a scroll of immolation {unknown}
 g - 2 scrolls of remove curse {unknown}
 i - 4 scrolls of identify {unknown}
 k - a scroll of noise {unknown}
 m - 3 scrolls of teleportation {unknown}
 p - 2 scrolls of blinking {unknown}
 q - a scroll of random uselessness {unknown}
 r - a scroll of amnesia {unknown}
Potions
 n - a potion of curing {unknown}
 o - a potion of ambrosia {unknown}
 t - a potion of might {unknown}
Comestibles
 f - 8 rations
 l - 3 chunks of flesh


   Skills:
 + Level 3.1 Fighting
 + Level 3.9 Short Blades
 - Level 2.1 Throwing
 + Level 2.8 Dodging
 + Level 6.1 Stealth


You had 4 spell levels left.
You didn't know any spells.
Your spell library was empty.

Dungeon Overview and Level Annotations

Branches:
Dungeon (3/15)

Altars:
Trog
Zin


Innate Abilities, Weirdness & Mutations

You are small and have problems with some larger weapons.
You are carnivorous and can eat meat at any time.


Message History

The magic dart hits you!
* * * LOW HITPOINT WARNING * * *
Okay, then.
Unknown command.
Throwing (i - inventory)
e - 6 curare-tipped darts (quivered)
Press: ? - help, Shift-Dir - straight line You throw a curare-tipped dart.
Something hits you but does no damage.
Throwing (i - inventory)
e - 5 curare-tipped darts (quivered)
Press: ? - help, Shift-Dir - straight line You throw a curare-tipped dart.
Throwing (i - inventory)
e - 4 curare-tipped darts (quivered)
Press: ? - help, Shift-Dir - straight line You throw a curare-tipped dart.
Something hits you.
* * * LOW HITPOINT WARNING * * *
You hit something but do no damage. Something hits you but does no damage.
You hit something.
You hear some strange, mumbled words.
A puff of flame appears from out of thin air!
The puff of flame hits you.
You die...

#.#.#.####.#......
#.#.#.#..#.#......
#.#.#.#..#.#......
#.#.#.#..#.#......
#.#.#.#..#.#......
#.#.#.#...........
#.#.#.)...........
#)#.#.##..........
#@#.#....>...#'##.
#{#.#........#.##.
#.#.#........#.##.
#.#.#.##.###.#.##.
#.#.#.##...#.#.##.
#.#.#.####.#.#.##.
#.#.#........#.##.
#(#..........#.##.
#.#..#######.#.##.


There were no monsters in sight!

Vanquished Creatures
  3 adders
  2 oozes
  3 worms
  4 dart slugs
  A leopard gecko (D:3)
  2 orcs
  2 giant cockroaches (D:1)
  2 goblins
  5 hobgoblins
  A quokka (D:3)
  A ball python (D:1)
  8 bats
  A frilled lizard (D:3)
  6 kobolds
  8 rats
49 creatures vanquished.

Notes
Turn   | Place    | Note
-------+----------+-------------------------------------------
     0 | D:1      | zeroc00l the Kobold Assassin began the quest for the Orb.
     0 | D:1      | Reached XP level 1. HP: 12/12 MP: 1/1
   154 | D:1      | Reached XP level 2. HP: 18/18 MP: 2/2
   793 | D:1      | Reached XP level 3. HP: 20/22 MP: 3/3
  1427 | D:2      | Reached XP level 4. HP: 27/27 MP: 4/4
  1443 | D:2      | Found a bloodstained altar of Trog.
  1576 | D:2      | Found a glowing silver altar of Zin.
  1897 | D:3      | Reached skill level 6 in Stealth
  2518 | D:2      | Reached XP level 5. HP: 32/32 MP: 5/5
  2557 | D:2      | Killed from afar by an orc wizard

Illustrated notes

Levels and vault maps discovered:
D:1:      dpeg_arrival_court, layout_basic
D:2:      layout_basic, old_standard_altar, lemuel_crystal_altar
D:3:      layout_rooms, serial_corexii_hall, corexii_hall_statues_l,
          chequers_hall_statues_corner_a, serial_bayou_ford_a, minmay_pentangle

Skill      XL: |  1  2  3  4 |
---------------+-------------+-----
Short Blades   | 3 |  3.9
Dodging        | 2 |  2.8
Fighting       | 3 |  3.1
Stealth        | 6 |  6.1
Throwing       | |  2.1

Action                   |  1- 3 |  4- 6 || total
-------------------------+-------+-------++-------
Melee: Dagger            |    83 |   111 ||   194
Throw: Dart              |    11 |    22 ||    33
 Stab: Sleeping          |     9 |     5 ||    14
       Distracted        |     1 |       ||     1
  Eat: Chunk             |    10 |     3 ||    13
Armor: Robe              |    14 |    10 ||    24
       Leather armour    |       |    19 ||    19
Dodge: Dodged            |    57 |    62 ||   119
